 Dungeon Crawl Stone Soup version 0.25-a0-1056-g2efb326896 (webtiles) character file.

Game seed: 11035728726238894646, levelgen mode: classic

4 Amnesiac the Shield-Bearer (level 1, 0/13 HPs)
             Began as a Deep Elf Fighter on May 13, 2020.
             Killed by divine providence
             ... invoked by an orc priest
              (13 damage)
             ... on level 3 of the Dungeon.
             The game lasted 00:00:45 (220 turns).

Amnesiac the Shield-Bearer (Deep Elf Fighter)        Turns: 220, Time: 00:00:45

Health: 0/13       AC:  6    Str: 13    XL:     1   Next: 50%
Magic:  3/3        EV:  7    Int: 12    God:
Gold:   24         SH:  8    Dex: 14    Spells: 0/0 levels left

rFire    . . .     SeeInvis .   a - +0 rapier
rCold    . . .     Gourm    .   c - +0 kite shield
rNeg     . . .     Faith    .   b - +0 scale mail
rPois    .         Spirit   .   (no helmet)
rElec    .         Reflect  .   (no cloak)
rCorr    .         Harm     .   (no gloves)
MR       .....                  (no boots)
Stlth    ..........             (no amulet)
HPRegen  0.04/turn              (no ring)
MPRegen  0.08/turn              (no ring)

@: no status effects
A: no striking features
a: no special abilities


You were on level 3 of the Dungeon.
You were not hungry.

You visited 1 branch of the dungeon, and saw 3 of its levels.

You collected 24 gold pieces.

Inventory:

Hand Weapons
 a - a +0 rapier (weapon)
Armour
 b - a +0 scale mail (worn)
 c - a +0 kite shield (worn)
Potions
 d - a potion of might {!q}
Comestibles
 f - 2 rations
 g - a chunk of flesh


   Skills:
 - Level 2.4 Fighting
 - Level 2.0 Short Blades
 - Level 2.4 Armour
 + Level 1.3 Dodging
 - Level 2.4 Shields


You couldn't memorise any spells.
You didn't know any spells.
Your spell library was empty.

Dungeon Overview and Level Annotations

Branches:
Dungeon (3/15)

Altars:
Qazlal


Message History

There is a stone staircase leading down here.
You hit the jackal.
The jackal is moderately wounded.
You block the jackal's attack.
You closely miss the jackal.
The jackal is moderately wounded.
The jackal bites you.
The jackal bites you but does no damage.
You hit the jackal.
The jackal is moderately wounded.
You block the jackal's attack. The jackal closely misses you.
You hit the jackal.
You kill the jackal!
There is an open door here.
HP restored.
Found a stone staircase leading down.
There is a stone staircase leading down here.
You climb downwards.
There is a stone staircase leading up here.
Found a stone staircase leading down.
(D) Dungeon
Where to? (Enter - D:2, ? - help)
What level of the Dungeon? (default 1, ? - help)
There is a stone staircase leading down here.
You climb downwards.
A hobgoblin comes into view. It is wielding a +0 club.
There is a stone staircase leading up here.
A bat comes into view.
Found a club.
Your shield and scale mail prevent you from hitting the hobgoblin.
The hobgoblin hits you but does no damage.
You barely miss the hobgoblin. You block the hobgoblin's attack.
You hit the hobgoblin.
You kill the hobgoblin!
Your Dodging skill increases to level 1!
The bat barely misses you. You block the bat's attack.
You hit the bat.
You kill the bat!
A ball python comes into view.
The ball python hisses angrily.
You see here a cursed +0 club.
You closely miss the ball python. You block the ball python's attack.
The ball python grabs you. The ball python constricts you.
You block the ball python's attack. The ball python constricts you.
You hit the ball python.
You kill the ball python!
Found 19 stones.
You see here a ball python corpse.
You butcher the ball python corpse.
g - a chunk of flesh You see here a ball python skeleton.
Found 13 gold pieces.
You now have 24 gold pieces (gained 13).
You see here 19 stones. 2 orcs and an orc priest come into view.
The orc priest is wielding a +1 flail of holy wrath.
The orc priest shouts!
You hear a shout!
An orc priest comes into view. It is wielding a +0 club.
You see here 19 stones.
The orc priest miscasts a cantrip.
The orc priest mumbles some strange prayers to Beogh against you.
Beogh smites you!
Ouch! That really hurt!
You die...

###.######.#
#..o.......# #
#.##o#######.##
...#.##.####......
........(..)......
.....##.#o......#
#### #.#.##.######
..#.#.......#.#
..####@...##.....#
........รท..........
##.#.####.#)###..# #
####.#.# #....<.#
#..#.### #..#.. #.
... ##.###


You could see an orc priest.

Vanquished Creatures
  A hobgoblin (D:3)
  A jackal (D:1)
  A ball python (D:3)
  A bat (D:3)
4 creatures vanquished.

Notes
Turn   | Place    | Note
-------+----------+-------------------------------------------
     0 | D:1      | Amnesiac the Deep Elf Fighter began the quest for the Orb.
     0 | D:1      | Reached XP level 1. HP: 13/13 MP: 3/3
   122 | D:2      | Found a stormy altar of Qazlal.
   190 | D:3      | Reached skill level 1 in Dodging
   212 | D:3      | Noticed an orc priest
   212 | D:3      | Noticed an orc priest
   220 | D:3      | Killed from afar by an orc priest

Illustrated notes

Levels and vault maps discovered:
D:1:      dpeg_arrival_simpleton_c, layout_loops_corners
D:2:      layout_basic, overflow_temple_1_default
D:3:      layout_basic, lemuel_doored_altar, old_standard_altar, uniq_robin

Skill      XL: |  1 |
---------------+----+-----
Dodging        | 1 |  1.3
Fighting       | |  2.4
Short Blades   | |  2.0
Armour         | |  2.4
Shields        | |  2.4

Action                   || total
-------------------------++-------
Melee: Rapier            ||    10
Armor: Scale mail        ||     2
Dodge: Dodged            ||     2
Block: Kite shield       ||     7

Table legend:
 A = Non-vault XP
 B = Vault XP
 C = Vault XP percentage of total XP
 D = Non-vault monster count
 E = Vault monster count
 F = Vault count percentage of total count
                 A         B        C        D         E       F
            +---------+---------+-------+---------+---------+-------
      Total |       6 |       0 |   0.0 |       4 |       0 |   0.0
            +---------+---------+-------+---------+---------+-------
        D:1 |       2 |       0 |   0.0 |       1 |       0 |   0.0
        D:3 |       4 |       0 |   0.0 |       3 |       0 |   0.0
            +---------+---------+-------+---------+---------+-------
